 Seeded DCSS version 0.30-a0-170-g85af917532 (webtiles) character file.

Game seed: 18309050433683570984 (custom seed)

204 gzilladon the Grave Robber (level 5, -6/37 HPs)
             Began as a Demonspawn Necromancer on Sept 30, 2022.
             Was an Initiate of Yredelemnul.
             Blown up by Ijyb (14 damage)
             ... with a mindburst bolt
             ... on level 5 of the Dungeon.
             The game lasted 00:16:49 (5094 turns).

gzilladon the Grave Robber (Demonspawn Necromancer) Turns: 5094, Time: 00:16:49

Health: -6/37      AC: 11    Str:  8    XL:     5   Next: 52%
Magic:  8/8        EV:  3    Int: 18    God:    Yredelemnul [......]
Gold:   208        SH:  0    Dex: 14    Spells: 4/8 levels left

rFire   . . .      SeeInvis .    y - +0 hand axe (flame)
rCold   . . .      Faith    .    (no shield)
rNeg    . . .      Spirit   .    j - +1 chain mail {Will+}
rPois   .          Reflect  .    (no helmet)
rElec   .          Harm     .    (no cloak)
rCorr   .          Rampage  .    t - +1 pair of gloves
Will    +....                    (no boots)
Stlth   ..........               (no amulet)
HPRegen 0.12/turn                (no ring)
MPRegen 0.11/turn                (no ring)

@: no status effects
A: ignite blood 1, powered by death 2, demonic touch 1
a: Renounce Religion, Recall Undead Harvest


You were on level 5 of the Dungeon.
You worshipped Yredelemnul.
Yredelemnul was noncommittal.
You visited 1 branch of the dungeon, and saw 5 of its levels.

You collected 208 gold pieces.

Inventory:

Hand Weapons
 c - a +0 club
 i - a +0 dagger
 r - a +0 hand axe
 y - a +0 hand axe of flaming (weapon)
Missiles
 h - 34 stones
 u - 6 poisoned darts
Armour
 a - a +0 robe
 d - a +2 scale mail of poison resistance
 j - a +1 chain mail of willpower (worn)
 t - a +1 pair of gloves (worn)
Jewellery
 k - a ring of willpower
 s - a ring of protection from fire
 v - a +4 ring of evasion
Scrolls
 e - a scroll of acquirement {unknown}
 f - a scroll of teleportation {unknown}
 g - a scroll of vulnerability {unknown}
 m - 4 scrolls of magic mapping {unknown}
 p - a scroll of noise {unknown}
 q - a scroll of identify {unknown}
 w - a scroll of fear {unknown}
Potions
 b - 4 potions of magic
 l - 2 potions of ambrosia {unknown}
 n - a potion of resistance {unknown}
 o - a potion of attraction {unknown}
 x - a potion of curing {unknown}
 z - a potion of mutation {unknown}


   Skills:
 + Level 1.5 Fighting
 + Level 0.1 Short Blades
 + Level 0.9(1.1) Axes
 + Level 0.7(1.0) Maces & Flails
 + Level 2.0 Armour
 + Level 2.2 Dodging
 + Level 1.9 Stealth
 * Level 2.4 Spellcasting
 * Level 5.6 Necromancy


You had 4 spell levels left.
You knew the following spells:

 Your Spells              Type           Power      Damage    Failure   Level
a - Necrotise             Necr           88%        1d8       95%         1
b - Vampiric Draining     Necr           22%        2d7       100%        3

Your spell library contained the following spells:

 Spells                   Type           Power      Damage    Failure   Level
 Shock                    Conj/Air       8%         1d3       100%        1
 Ensorcelled Hibernation  Hex/Ice        4%         N/A       100%        2
 Passwall                 Tmut/Erth      1%         N/A       100%        2
 Swiftness                Air            2%         N/A       100%        3
 Airstrike                Air            1%         2d(1-17)  100%        4
 Agony                    Necr           22%        N/A       100%        5
 Animate Dead             Necr           Unusable   N/A       N/A         4

Dungeon Overview and Level Annotations

Branches:
Dungeon (5/15)
 Temple: D:4-7

Altars:
Yredelemnul

Shops:
D:4 *

Annotations:
D:4 Menkaure
D:5 Ijyb


Innate Abilities, Weirdness & Mutations

Your demonic aura sometimes causes spilled blood to erupt in flames.
You regenerate health from kills.
Your touch may inflict minor irresistible damage on your foes.


Message History

Menkaure calls on the powers of darkness!
Your body is wracked with pain!
* * * LOW HITPOINT WARNING * * *
Your orc priest zombie hits Menkaure but does no damage.
Your adder zombie bites Menkaure.
Menkaure barely misses your adder zombie.
Your orc priest zombie hits Menkaure.
Your adder zombie bites Menkaure but does no damage.
Menkaure hits your adder zombie!!
Your adder zombie is destroyed!
Your orc priest zombie hits Menkaure.
Something barely misses your orc priest zombie.
Things that are here:
a +0 robe; a +0 dagger Menkaure casts a spell at you.
Pain shoots through your body!
* * * LOW HITPOINT WARNING * * *
Menkaure casts a spell at you. You resist with some effort.
There is a stone staircase leading down here.
You climb downwards.
Ijyb shouts!
Found 9 gold pieces.
There is a stone staircase leading up here.
Ijyb hits you but does no damage.
You hit Ijyb. You burn Ijyb.
You touch Ijyb.
Ijyb is moderately wounded.
Ijyb screams, "Me kill you!" Ijyb hits you but does no damage.
You closely miss Ijyb.
Ijyb is moderately wounded.
Ijyb hits you but does no damage.
You closely miss Ijyb.
Ijyb is moderately wounded.
Ijyb hits you but does no damage.
You hit Ijyb but do no damage.
Ijyb is moderately wounded.
A jelly comes into view. x2
Ijyb zaps a wand.
Your mind is blasted!
You die...

### ..# #
#.# #J##.#
#.##....####
.......@<..#
#.#..#g.##.#
......... #
. #..#....
#..#J#.#. #.
.. ...# .
.## .# # ##
. .#


You could see Ijyb and 2 jellies.

Vanquished Creatures
  An orc priest (D:4)
  An orc wizard (D:4)
  4 adders
  2 orcs (D:4)
  2 bats (D:1)
  8 endoplasms
  6 giant cockroaches
  9 goblins
  5 hobgoblins
  2 jackals (D:3)
  6 ball pythons
  An endoplasm zombie (D:4)
  5 frilled lizards
  8 kobolds
  An orc zombie (D:4)
  6 rats
67 creatures vanquished.

Vanquished Creatures (collateral kills)
  4 adders
  2 bats (D:1)
  2 endoplasms
  A hobgoblin (D:4)
  A jackal (D:3)
  A ball python (D:2)
  A rat (D:1)
12 creatures vanquished.

Vanquished Creatures (others)
  An adder zombie (D:4)
  2 orc zombies (D:4)
  2 bat zombies (D:1)
  A ball python zombie (D:4)
  2 endoplasm zombies
8 creatures vanquished.

Grand Total: 87 creatures vanquished

Notes
Turn   | Place    | Note
-------+----------+-------------------------------------------
     0 | D:1      | gzilladon the Demonspawn Necromancer began the quest for
                  | the Orb.
     0 | D:1      | Reached XP level 1. HP: 13/13 MP: 3/3
   387 | D:2      | Found a basalt altar of Yredelemnul.
   399 | D:2      | Became a worshipper of Yredelemnul the Dark
   479 | D:1      | Gained mutation: You regenerate a little health from kills.
                  | [demonic ancestry]
   479 | D:1      | Reached XP level 2. HP: 13/19 MP: 5/5
   966 | D:1      | Reached * piety under Yredelemnul
   967 | D:1      | Reached skill level 5 in Necromancy
  1286 | D:1      | Found a faded altar of an unknown god.
  1397 | D:1      | Gained mutation: Your touch may inflict minor irresistible
                  | damage on your foes. [demonic ancestry]
  1397 | D:1      | Reached XP level 3. HP: 5/24 MP: 6/6
  2330 | D:2      | Reached skill level 1 in Armour
  3045 | D:3      | Gained mutation: You regenerate health from kills. [demonic
                  | ancestry]
  3045 | D:3      | Reached XP level 4. HP: 30/31 MP: 7/7
  3331 | D:3      | Learned a level 3 spell: Vampiric Draining
  3846 | D:3      | Reached skill level 1 in Fighting
  4518 | D:4      | Found Denketoh's Assorted Antiques.
  4551 | D:4      | Gained mutation: Your demonic aura sometimes causes spilled
                  | blood to erupt in flames. [demonic ancestry]
  4551 | D:4      | Reached XP level 5. HP: 15/37 MP: 8/8
  4686 | D:4      | Reached ** piety under Yredelemnul
  5020 | D:4      | Noticed Menkaure
  5089 | D:5      | Entered Level 5 of the Dungeon
  5089 | D:5      | Noticed Ijyb
  5094 | D:5      | Blown up by Ijyb

Illustrated notes

Levels and vault maps discovered:
D:1:      minmay_arrival_doors, layout_basic,
          shapermc_ecumenical_altar_mp_highgroup
D:2:      layout_basic, basic_altar, bh_walls_and_bars
D:3:      layout_basic, chequers_serial_rivers_large_a,
          kennysheep_generic_room_10
D:4:      layout_loops_ring, serial_shops, nicolae_diamond_shop, uniq_menkaure
D:5:      layout_loops_cross, serial_shops, shop_fountains,
          minmay_joined_circles, uniq_ijyb, uniq_prince_ribbit1, uniq_pikel

Skill      XL: |  1  2  3  4  5 |
---------------+----------------+-----
Dodging        | 2 |  2.2
Necromancy     | 5 |  5.6
Armour         | 1 2 |  2.0
Fighting       | 1 |  1.5
Short Blades   | |  0.1
Axes           | |  0.9
Maces & Flails | |  0.7
Stealth        | |  1.9
Spellcasting   | |  2.4

Action                   |  1- 3 |  4- 6 || total
-------------------------+-------+-------++-------
Melee: Club              |    98 |       ||    98
       Dagger            |    72 |       ||    72
       Touch             |    11 |     9 ||    20
       Hand axe          |     8 |    80 ||    88
 Stab: Distracted        |     1 |       ||     1
Armor: Scale mail        |    68 |       ||    68
       Chain mail        |    63 |    88 ||   151
Dodge: Dodged            |    62 |    22 ||    84

Table legend: (Time is in decaauts)
 A = Elapsed time spent in this place.
 B = Non-inter-level travel time spent in this place.
 C = Inter-level travel time spent in this place.
 D = Time resting spent in this place.
 E = Time spent auto-exploring this place.
 F = Levels seen in this place.
 G = Mean time per level.
                   A        B        C        D        E       F      G
               +--------+--------+--------+--------+--------+-----+--------+
         Total |   5437 |   3956 |   1481 |    994 |      0 |   5 | 1087.4 |
       Dungeon |   5437 |   3956 |   1481 |    994 |      0 |   5 | 1087.4 |
               +--------+--------+--------+--------+--------+-----+--------+

Top non-repeatable levels by time:
     D:3: 1671 daAuts
     D:1: 1594 daAuts
     D:2: 1394 daAuts
     D:4: 770 daAuts
     D:5: 5 daAuts
